 Dungeon Sprint DCSS version 0.21.0-24-g2553a33 (webtiles) character file.

1991 letownia2 the Grappler (level 9, -3/87 (89) HPs)
             Began as a Troll Wizard on Jan 20, 2018.
             Was an Initiate of Gozag.
             Shot with a bolt by a yaktaur (17 damage)
             ... in the Dungeon (Sprint II: "The Violet Keep of Menkaure").
             The game lasted 00:07:53 (616 turns).

letownia2 the Grappler (Troll Wizard)                Turns: 616, Time: 00:07:54

HP:   -3/87 (89)    AC:  5    Str: 17      XL:     9   Next: 1%
MP:   2/16          EV:  9    Int: 16 (17) God:    Gozag
Gold: 1945          SH:  0    Dex:  6      Spells: 9/18 levels left

rFire    . . .     SeeInvis .     - Unarmed
rCold    . . .     Gourm    +   (no shield)
rNeg     + + .     Faith    .   m - +0 robe of the Blacksmith {rN++ Regen+} (curse)
rPois    .         Spirit   .   b - +0 hat
rElec    .         Reflect  .   (no cloak)
rCorr    .         Harm     .   (gloves unavailable)
MR       .....     NoTele   +   (boots unavailable)
Stlth    +.........             (no amulet)
HPRegen  1.04/turn              (no ring)
MPRegen  0.15/turn              (no ring)

@: lethally poisoned (-3 -> -3), slowed, very slow
A: large, unfitting armour, claws 3, clumsy 1, deterioration 2, fast metabolism
3, gourmand, regeneration 1, shaggy fur 1, tough skin 2
a: Potion Petition, Call Merchant, Bribe Branch, Renounce Religion


You were in the Dungeon.
You worshipped Gozag.
Gozag was most pleased with you.
You were not hungry.

You visited 1 branch You collected 2178 gold pieces.
You spent 233 gold pieces at shops.

Inventory:

Armour
 a - a +0 robe
 b - a +0 hat (worn)
 m - the cursed +0 robe of the Blacksmith (worn) {rN++ Regen+}
   (You bought it in a shop in the Dungeon)

   It greatly protects you from negative energy.
   It increases your rate of regeneration.
   It has a curse placed upon it.
Scrolls
 j - a scroll of blinking
 n - a scroll of identify
Potions
 e - a potion of curing
 f - a potion of heal wounds
 g - a potion of haste
 h - 2 potions of magic
 k - a potion of might
 l - a potion of flight
Books
 c - a book of Minor Magic

   Spells                             Type                      Level
   a - Magic Dart                     Conjuration                  1
   b - Blink                          Translocation                2
   c - Call Imp                       Summoning                    2
   d - Slow                           Hexes                        2
   e - Conjure Flame                  Conjuration/Fire             3
   f - Mephitic Cloud                 Conjuration/Poison/Air       3
Comestibles
 d - 2 rations


   Skills:
 - Level 6.1 Fighting
 - Level 1.5 Dodging
 - Level 1.0 Stealth
 * Level 13.9 Unarmed Combat
 + Level 5.4 Spellcasting
 - Level 4.0 Conjurations
   Level 0.6 Summonings
 - Level 2.7 Translocations
 - Level 2.5 Fire Magic
 - Level 2.3 Air Magic
 - Level 2.5 Poison Magic


You had 9 spell levels left.
You knew the following spells:

 Your Spells              Type           Power        Failure   Level  Hunger
a - Magic Dart            Conj           ###.         2%          1    None
b - Blink                 Tloc           N/A          7%          2    #......
c - Conjure Flame         Conj/Fire      ##......     11%         3    ###....
e - Mephitic Cloud        Conj/Pois/Air  ##......     13%         3    ###....


Dungeon Overview and Level Annotations

Branches:
Dungeon (1/1)

Altars:
Cheibriados
Dithmenos
Elyvilon
Fedhas
Gozag
Hepliaklqana
Kikubaaqudgha
Makhleb
Nemelex Xobeh
Okawaru
Qazlal
Ru
Sif Muna
Trog
Uskayaw
Vehumet
Wu Jian
Xom
Yredelemnul
Zin
The Shining One
Beogh
Jiyva
Lugonu

Shops:
D [!:*=*(=!([%}?::

Annotations:
D exclusion: oklob plant


Innate Abilities, Weirdness & Mutations

You are too large for most types of armour.
You have claws for hands.
Your metabolism is lightning-fast.
You like to eat raw meat.
Your natural rate of healing is unusually fast.
You are covered in fur. (AC +1)
You have very tough skin. (AC +2)
You are clumsy. (Dex -2)
Your body often deteriorates upon taking damage.


Message History

Unknown command.
Press < or > to pray at altars.
You feel less wooden.
Your +0 hat unmelds from your body.
The cursed +0 robe of the Blacksmith {rN++ Regen+} unmelds from your body.
You feel sick.
The yaktaur shoots a bolt.
The bolt hits you.
Unknown command.
Press < or > to pray at altars.
Unknown command.
Press < or > to pray at altars.
The yaktaur shoots a bolt.
The bolt hits you!!
* * * LOW HITPOINT WARNING * * *
Your body deteriorates!
You feel dopey.
Unknown command.
Unknown command.
Unknown command.
Unknown command.
You feel sick.
The yaktaur shoots a bolt.
The bolt hits you!
You die...
Your body crumbles into a pile of gold.

###..## #^.# $#▓%$[([[(!
#.##..#$ +..# .#▓!$((!??(
$ #..#..# $#..#
.#▓)$??()!$
##.'..####..##.#▓(!!%!)[[
$
.#.#§...###^..##▓▓▓▓▓▓▓+▓
#.##......≈c$≈≈≈≈≈≈≈≈≈≈..
$
###≈≈...§.≈#'########+###
#≈≈≈≈≈§§..≈#....._._#≈≈≈#
#≈≈≈≈≈≈≈≈.≈#....@._.#≈§≈≈
≈≈≈≈§≈≈≈≈≈≈#..._._._#t§§≈
$$ $$
≈≈≈≈§≈≈≈§≈≈#.._$_._.#≈§§§
$ $
'#≈≈≈≈§≈§§≈#._._._._#≈§§§
$$ $$
≈##≈≈§###≈≈#_._._._.#≈§§≈
$ $ ≈≈##≈§
#§≈#._._._..#§§§≈ $$ $$
§§§+§ #§§#.._._._.#§§§≈
≈§## ≈≈≈≈≈##########≈≈§§
§# ######≈≈≈≈t≈≈≈§§§≈


You could see a yaktaur and a crocodile.

Vanquished Creatures
  A death drake (D)
  3 polar bears (D)
  2 hippogriffs (D)
  3 neqoxecs (D)
  A swamp drake (D)
  A crocodile (D)
  4 worker ants (D)
  2 worms (D)
17 creatures vanquished.

Vanquished Creatures (others)
  A hornet (D)
  A neqoxec (D)
  Menkaure (D)
  A crocodile (D)
  A worm (D)
5 creatures vanquished.

Grand Total: 22 creatures vanquished

Notes
Turn   | Place    | Note
-------+----------+-------------------------------------------
     0 | D        | letownia2 the Troll Wizard began the quest for the Orb.
     0 | D        | Reached XP level 1. HP: 16/16 MP: 2/2
     1 | D        | Noticed a neqoxec
     2 | D        | Noticed a neqoxec
     5 | D        | Gained mutation: Your body sometimes deteriorates upon taking damage. [a neqoxec]
    12 | D        | Gained mutation: Your body often deteriorates upon taking damage. [a neqoxec]
    14 | D        | Killed a neqoxec
    14 | D        | Reached skill level 7 in Unarmed Combat
    14 | D        | Reached XP level 2. HP: 30/33 MP: 4/4
    14 | D        | Reached XP level 3. HP: 37/40 MP: 5/5
    14 | D        | Reached XP level 4. HP: 45/49 MP: 6/6
    18 | D        | Killed a neqoxec
    18 | D        | Reached skill level 5 in Fighting
    18 | D        | Reached skill level 10 in Unarmed Combat
    18 | D        | Reached XP level 5. HP: 43/59 MP: 7/7
    24 | D        | Killed a crocodile
    52 | D        | Noticed Menkaure
    53 | D        | Noticed a neqoxec
    55 | D        | Killed Menkaure
    58 | D        | Learned a level 2 spell: Blink
    61 | D        | Gained mutation: You are clumsy. (Dex -2) [a neqoxec]
    65 | D        | Killed a neqoxec
    65 | D        | Reached XP level 6. HP: 67/67 MP: 8/8
    70 | D        | Learned a level 3 spell: Conjure Flame
    75 | D        | Learned a level 3 spell: Mephitic Cloud
    79 | D        | Found a roughly hewn altar of Beogh.
    80 | D        | Found a snail-covered altar of Cheibriados.
    80 | D        | Found a hazy altar of Hepliaklqana.
    81 | D        | Found a shadowy altar of Dithmenos.
    81 | D        | Found a viscous altar of Jiyva.
    82 | D        | Found a white marble altar of Elyvilon.
    82 | D        | Found an ancient bone altar of Kikubaaqudgha.
    82 | D        | Found a sacrificial altar of Ru.
    83 | D        | Found a blossoming altar of Fedhas.
    83 | D        | Found a corrupted altar of Lugonu.
    83 | D        | Found a deep blue altar of Sif Muna.
    83 | D        | Found a stormy altar of Qazlal.
    83 | D        | Found an ornate altar of the Wu Jian Council.
    84 | D        | Found a burning altar of Makhleb.
    84 | D        | Found an opulent altar of Gozag.
    84 | D        | Found a bloodstained altar of Trog.
    84 | D        | Found a shimmering altar of Xom.
    89 | D        | Found a sparkling altar of Nemelex Xobeh.
    89 | D        | Found a hide-covered altar of Uskayaw.
    90 | D        | Found a basalt altar of Yredelemnul.
    91 | D        | Found an iron altar of Okawaru.
    91 | D        | Found a radiant altar of Vehumet.
    91 | D        | Found a glowing silver altar of Zin.
    93 | D        | Found a glowing golden altar of the Shining One.
    99 | D        | Became a worshipper of Gozag Ym Sagoz the Greedy
   129 | D        | Reached skill level 1 in Translocations
   141 | D        | Reached skill level 1 in Fire Magic
   141 | D        | Reached skill level 1 in Poison Magic
   146 | D        | Reached skill level 1 in Air Magic
   307 | D        | Killed a neqoxec
   330 | D        | Noticed a hippogriff
   330 | D        | Noticed a hippogriff
   336 | D        | Killed a hippogriff
   336 | D        | Reached XP level 7. HP: 56/74 MP: 9/9
   342 | D        | Killed a hippogriff
   401 | D        | Noticed an orange crystal statue
   416 | D        | Found Ruvvin's Food Emporium.
   416 | D        | Found Ycush's Magic Scroll Emporium.
   416 | D        | Found Locyimank's Distillery.
   416 | D        | Found Rogokk's Book Emporium.
   416 | D        | Found Nubet's Antique Armour Shoppe.
   416 | D        | Found Feof Kuatwoh's Gadget Shoppe.
   416 | D        | Found Azatebeu's Book Shoppe.
   417 | D        | Found Relophi's Antique Weapon Emporium.
   417 | D        | Found Vimeh's Jewellery Shoppe.
   419 | D        | Found Boezoum's Antique Weapon Shoppe.
   419 | D        | Found Saroh's General Store.
   428 | D        | Found Effuk's Jewellery Emporium.
   428 | D        | Found Xoukae's Assorted Antiques.
   428 | D        | Noticed an oklob plant
   429 | D        | Found Qeigh's Distillery.
   429 | D        | Found Kuag's Antique Armour Emporium.
   429 | D        | Found Faev's Book Shoppe.
   443 | D        | Bought a potion of lignification for 33 gold pieces
   443 | D        | Noticed a death yak
   446 | D        | Bought a puce potion for 18 gold pieces
   446 | D        | Bought a fizzy grey potion for 18 gold pieces
   465 | D        | Bought a creamy pearl robe for 96 gold pieces
   475 | D        | Identified the cursed +0 robe of the Blacksmith {rN++ Regen+} (You bought it in a shop in the Dungeon)
   478 | D        | Bought a scroll labeled HOARIGG WEGO ZETU for 21 gold pieces
   478 | D        | Bought a scroll labeled HOARIGG WEGO ZETU for 21 gold pieces
   487 | D        | Bought a scroll of identify for 26 gold pieces
   498 | D        | Noticed a flying skull
   498 | D        | Noticed a flying skull
   499 | D        | Noticed a flying skull
   503 | D        | Noticed a flying skull
   551 | D        | Noticed a hornet
   551 | D        | Noticed a polar bear
   552 | D        | Noticed a polar bear
   553 | D        | Noticed a polar bear
   558 | D        | Killed a polar bear
   558 | D        | Reached skill level 11 in Unarmed Combat
   565 | D        | Killed a polar bear
   565 | D        | Reached skill level 12 in Unarmed Combat
   565 | D        | Reached XP level 8. HP: 81/83 MP: 5/13
   568 | D        | Killed a polar bear
   573 | D        | Noticed a death drake
   578 | D        | Killed a hornet
   582 | D        | Noticed a yaktaur
   598 | D        | Killed a death drake
   598 | D        | Reached skill level 13 in Unarmed Combat
   598 | D        | Reached skill level 5 in Spellcasting
   602 | D        | Reached XP level 9. HP: 68/87 MP: 2/16
   616 | D        | Shot with a bolt by a yaktaur

Skill      XL: |  1  2  3  4  5  6  7  8 |
---------------+-------------------------+-----
Fighting       | 4 5 6 |  6.1
Unarmed Combat | 7 10 12 13 | 13.9
Conjurations   | 2 3 4 |  4.0
Translocations | 2 |  2.7
Fire Magic     | 2 |  2.5
Poison Magic   | 2 |  2.5
Air Magic      | 2 |  2.3
Spellcasting   | 4 5 |  5.4
Dodging        | |  1.5
Stealth        | |  1.0
Summonings     | |  0.6

Action                   |  1- 3 |  4- 6 |  7- 9 || total
-------------------------+-------+-------+-------++-------
Melee: Unarmed           |    11 |    39 |    42 ||    92
 Cast: Conjure Flame     |       |       |     2 ||     2
       Mephitic Cloud    |       |       |     3 ||     3
       Blink             |       |       |     1 ||     1
  Use: Potion            |     1 |       |     1 ||     2
       Scroll            |       |       |     2 ||     2
  Eat: Chunk             |       |     4 |       ||     4
Armor: Robe              |       |     5 |     5 ||    10
       Skin              |       |       |    18 ||    18
Dodge: Dodged            |     1 |    12 |    11 ||    24
